 Dungeon Crawl Stone Soup version 0.31.0-32-g396128a36d (webtiles) character file.

Game seed: 15385305743910088594

186638 PaiMei the Necromancer (level 17, -11/144 HPs)
             Began as a Demonspawn Necromancer on Apr 10, 2024.
             Was a Follower of Lugonu.
             Mangled by a deep elf sorcerer simulacrum (35 damage)
             ... on level 3 of the Elven Halls.
             The game lasted 01:38:31 (43580 turns).

PaiMei the Necromancer (Demonspawn Necromancer)    Turns: 43580, Time: 01:38:31

Health: -11/144    AC: 14    Str: 15    XL:     17   Next: 85%
Magic:  0/44       EV: 19    Int: 21    God:    Lugonu [*.....]
Gold:   2246       SH:  8    Dex: 21    Spells: 13/45 levels left

rFire   + . .        a - +10 spear "Plojy" {drain, rF+ Str+3}
rCold   . . .        s - +0 buckler
rNeg    . . .        V - +0 troll leather armour
rPois   .            (helmet unavailable)
rElec   .            c - +2 cloak
rCorr   .            P - +1 pair of gloves
SInv    .            C - +0 pair of boots
Will    +....        S - amulet of regeneration
Stlth   ++++         h - ring of magical power
HPRegen 2.04/turn    X - ring of Noeroquz {AC+4 Str+4}
MPRegen 0.58/turn

%: guardian spirit
@: hasted, very quick
A: horns 3, thin skeletal structure 2, robust 1, spiny 2, magic shield, magic
regeneration
a: Renounce Religion, Depart the Abyss


You were on level 3 of the Elven Halls.
You worshipped Lugonu.
Lugonu was aware of your devotion.
You visited 5 branches of the dungeon, and saw 26 of its levels.
You visited the Abyss 2 times.
You also visited: Gauntlet.

You collected 2884 gold pieces.
You spent 638 gold pieces at shops.

Inventory:

Hand Weapons
 a - the +10 spear "Plojy" (weapon) {drain, rF+ Str+3}
   (You found it in a Gauntlet)

   Str+3:     It affects your strength (+3).
   rF+:       It protects you from fire.
 b - the +10 sling "Acabecka" {drain, rF+ rC+}
   (You found it on level 2 of the Dungeon)

   rF+:       It protects you from fire.
   rC+:       It protects you from cold.
Missiles
 O - 8 atropa-tipped darts (quivered)
 R - 4 curare-tipped darts
Armour
 c - a +2 cloak (worn)
 s - a +0 buckler (worn)
 C - a +0 pair of boots (worn)
 I - the +4 scale mail "Hiamn" {Dex+4 Stlth+}
   (You bought it in a shop on level 2 of the Orcish Mines)

   Dex+4:     It affects your dexterity (+4).
   Stlth+:    It makes you more stealthy.
 P - a +1 pair of gloves (worn)
 V - a +0 troll leather armour (worn)
Jewellery
 h - a ring of magical power (left hand)
 k - the ring "Finuown" {rF+ Will+ rCorr Str-2 Stlth+}
   (You found it in a Gauntlet)

   [ring of willpower]

   Str-2:     It affects your strength (-2).
   rF+:       It protects you from fire.
   Will+:     It increases your willpower.
   rCorr:     It protects you from acid and corrosion.
   Stlth+:    It makes you more stealthy.
 x - a ring of magical power
 M - a +6 ring of intelligence
 N - a ring of willpower
 S - an amulet of regeneration (around neck)
 X - the ring of Noeroquz (right hand) {AC+4 Str+4}
   (You found it in a Gauntlet)

   [ring of protection]

   AC+4:      It affects your AC (+4).
   Str+4:     It affects your strength (+4).
Wands
 d - a wand of iceblast (23)
 f - a wand of polymorph (7)
 t - a wand of acid (10)
 z - a wand of paralysis (8)
 B - a wand of flame (48)
 Q - a wand of digging (5)
 W - a wand of mindburst (10)
Scrolls
 g - a scroll of silence
 i - 4 scrolls of fear
 j - 5 scrolls of brand weapon
 l - 3 scrolls of revelation
 o - a scroll of summoning
 u - 5 scrolls of teleportation
 v - 2 scrolls of acquirement
 y - 3 scrolls of enchant armour
 A - 4 scrolls of immolation
 D - 5 scrolls of poison
 F - a scroll of vulnerability
 T - 4 scrolls of enchant weapon
Potions
 e - 5 potions of berserk rage
 m - 2 potions of resistance
 n - 5 potions of cancellation
 p - 3 potions of invisibility
 r - 4 potions of magic
 w - 3 potions of attraction
 E - 2 potions of degeneration
 G - 3 potions of enlightenment
 H - 2 potions of haste
 J - 3 potions of lignification {unknown}
 K - 2 potions of mutation {unknown}
 L - 5 potions of curing
 U - 4 potions of might
Miscellaneous
 Y - a tin of tremorstones (2/2)
 Z - a lightning rod (4/4)


   Skills:
 - Level 11.1 Fighting
 - Level 7.0 Armour
 - Level 10.5 Dodging
 - Level 2.3 Stealth
 + Level 10.7 Shields
 + Level 14.7 Spellcasting
 + Level 17.6 Necromancy
 + Level 8.0 Earth Magic
 - Level 5.0 Evocations


You had 13 spell levels left.
You knew the following spells:

 Your Spells              Type           Power      Damage    Failure   Level
a - Necrotise             Necr           100%       1d9       0%          1
b - Vampiric Draining     Necr           74%        2d11      0%          3
c - Animate Dead          Necr           74%        N/A       1%          4
d - Curse of Agony        Necr           74%        N/A       1%          5
e - Dispel Undead         Necr           74%        3d25      1%          4
f - Borgnjor's Vile Clut  Necr/Erth      31%        N/A       1%          5
g - Martyr's Knell        Necr/Summ      51%        N/A       1%          4
h - Anguish               Hex/Necr       25%        N/A       1%          4
i - Sublimation of Blood  Necr           74%        N/A       0%          2

Your spell library contained the following spells:

 Spells                   Type           Power      Damage    Failure   Level
 Fugue of the Fallen      Necr           74%        N/A       0%          3
 Kiss of Death            Conj/Necr      100%       2d13      1%          1
 Cigotuvi's Dreadful Rot  Necr/Alch/Air  80%        N/A       1%          2
 Death Channel            Necr           37%        N/A       1%          6
 Apportation              Tloc           30%        N/A       6%          1
 Freeze                   Ice            60%        1d7       6%          1
 Magic Dart               Conj           60%        1d6       6%          1
 Sting                    Conj/Alch      60%        1d6       6%          1
 Summon Small Mammal      Summ           60%        N/A       6%          1
 Searing Ray              Conj           30%        2d5       9%          2
 Petrify                  Alch/Erth      32%        N/A       11%         4
 Frozen Ramparts          Ice            30%        1d5       17%         3
 Hailstorm                Conj/Ice       15%        3d6       17%         3
 Volatile Blastmotes      Fire/Tloc      30%        2d12      17%         3
 Borgnjor's Revivificati  Necr           37%        N/A       26%         8
 Infestation              Necr           37%        N/A       26%         8
 Fulminant Prism          Conj/Alch      7%         3d7       50%         4
 Iskenderun's Mystic Bla  Conj/Tloc      15%        2d5       50%         4
 Olgreb's Toxic Radiance  Alch           15%        N/A       50%         4
 Haunt                    Necr/Summ      25%        N/A       78%         7
 Alistair's Intoxication  Alch           10%        N/A       85%         5
 Irradiate                Conj/Alch      7%         3d14      85%         5
 Summon Mana Viper        Hex/Summ       15%        N/A       85%         5
 Death's Door             Necr           37%        N/A       99%         9
 Eringya's Noxious Bog    Alch           7%         4d6       100%        6
 Malign Gateway           Summ/Tloc      7%         N/A       100%        7
 Ozocubu's Refrigeration  Ice            7%         4d9       100%        7
 Discord                  Hex            7%         N/A       100%        8


Dungeon Overview and Level Annotations

Branches:
Dungeon (15/15)            Temple (1/1) D:5            Lair (5/5) D:11
 Shoals (0/4) Lair:2       Spider (0/4) Lair:3        Slime (0/5) Lair:5
    Orc (2/2) D:11            Elf (3/3) Orc:2        Depths (0/4) D:15
Gauntlet (visited)
 Vaults: D:13-14

Altars:
Ashenzari
Cheibriados
Dithmenos
Fedhas
Gozag
Hepliaklqana
Kikubaaqudgha
Makhleb
Nemelex Xobeh
Okawaru
Qazlal
Ru
Sif Muna
Trog
Uskayaw
Vehumet
Wu Jian
Xom
Yredelemnul
Jiyva

Shops:
D:3 =   D:4 *   D:9 =   Orc:2 [?(*   Elf:1 [

Portals:
Trove: D:11 (lose all piety)

Annotations:
D:9 Maurice
D:11 2 transporters
D:13 Erolcha
Elf:2 3 runed translucent doors


Innate Abilities, Weirdness & Mutations

You have a pair of large horns on your head.
You have a moderately thin skeletal structure. (Dex +4, Stealth++)
You are robust. (+10% HP)
You are mostly covered in sharp spines.
When hurt, damage is shared between your health and your magic reserves.
You regenerate magic rapidly.


Message History

You hit the deep elf sorcerer.
The deep elf sorcerer convulses!
The deep elf sorcerer is freed from its curse.
The deep elf sorcerer is heavily wounded.
The zombie hands constrict the deep elf sorcerer.
You hit the deep elf sorcerer but do no damage.
Your headbutt misses the deep elf sorcerer.
The deep elf sorcerer is heavily wounded.
The zombie hands constrict the deep elf sorcerer.
The deep elf sorcerer is struck by your spines.
The deep elf sorcerer hits you with a +0 short sword.
* * * LOW HITPOINT WARNING * * *
You hit the deep elf sorcerer. You headbutt the deep elf sorcerer.
The deep elf sorcerer is almost dead.
The zombie hands constrict the deep elf sorcerer.
You block the deep elf sorcerer's attack.
You hit the deep elf sorcerer.
The deep elf sorcerer is almost dead.
The zombie hands constrict the deep elf sorcerer!
You kill the deep elf sorcerer!
Lugonu accepts your kill.
Kikubaaqudha cackles.
Your Earth Magic skill increases to level 8!
A deep elf sorcerer simulacrum comes into view.
Casting: Borgnjor's Vile Clutch (mildly dangerous; 1% risk of failure)
Confirm with . or Enter, or press ? or * to list all spells.
Aiming: Dispel Undead (safe; 1% risk of failure)
Press: ? - help, Shift-Dir - straight line, f - deep elf sorcerer simulacrum
Aim: a deep elf sorcerer simulacrum (100% to hit)
The deep elf sorcerer simulacrum is dispelled!!
The deep elf elementalist mumbles some strange words.
The deep elf elementalist seems to speed up.
Casting: Dispel Undead (safe; 1% risk of failure)
Confirm with . or Enter, or press ? or * to list all spells.
You don't have enough magic to cast this spell.
You puncture the deep elf sorcerer simulacrum!
The deep elf sorcerer simulacrum is almost destroyed.
The deep elf sorcerer simulacrum hits you.
* * * LOW HITPOINT WARNING * * *
The deep elf sorcerer simulacrum freezes you!!!
You die...

#.#
#####...........##
#.# ##'###
#......####'# #.#
##....##
#......####.# #.#
#<.....#
#..[...'....######.#
#......#
#..e...####.3......#
#.....## #......#
########.. ##...##
#......# #.# #.....##
#..))..# #.#
#......#######)|@...#
#.#
#....).'.[|[)[.Z....#
#.#
#...[.)###.###......#
#.# #.)....# #.#
##....## #.. ##.....#
#.# ##..## #.#
#....).# #.# ##[# #.#
#..)...# #.# #)# #.#
#......# #.######[##
#.# #......#
#[...).)[.# #.#


You could see a deep elf elementalist (fast, repels missiles) and a deep elf
sorcerer simulacrum.

Vanquished Creatures
  3 deep elf blademasters
  A tentacled starspawn (Abyss:3)
  A deep elf master archer (Elf:3)
  An Executioner (Abyss:3)
  5 deep elf sorcerers (Elf:3)
  4 deep elf elementalists (Elf:3)
  3 deep elf demonologists (Elf:3)
  A very ugly thing (D:15)
  2 deep elf annihilators (Elf:3)
  2 deep elf death magi
  5 deep elf high priests (Elf:3)
  A great orb of eyes (D:15)
  4 hydras
  An ice dragon (Lair:3)
  7 catoblepae
  4 centaur warriors
  An ogre mage (Orc:2)
  11 two-headed ogres
  13 death yaks
  2 boulder beetles
  12 dancing weapons
  6 deep elf knights
  5 skysharks
  2 fire crabs (Lair:4)
  4 skeletal warriors
  A deep troll (Orc:2)
  5 deep elf archers
  A lindwurm (shapeshifter) (D:15)
  2 phantasmal warriors (D:15)
  4 necromancers (Elf:1)
  An oklob plant (D:11)
  11 deep elf pyromancers
  15 deep elf zephyrmancers
  3 manticores
  13 ugly things
  8 cyclopes
  A rust devil (Abyss:3)
  7 elephants
  2 kobold blastminers (Orc:2)
  5 black mambas
  A black mamba (shapeshifter) (D:15)
  9 large abominations
  13 cane toads
  A kobold demonologist (D:13)
  An unseen horror (D:12)
  A gargoyle (D:11)
  2 torpor snails (Lair:4)
  6 komodo dragons
  A smoke demon (Abyss:3)
  2 freezing wraiths
  7 rime drakes
  A hellwing (Abyss:3)
  5 polar bears
  15 trolls
  14 blink frogs
  A glass eye (Lair:5)
  3 dream sheep (Lair:5)
  7 slime creatures
  3 culicivoras (Lair:3)
  4 air elementals
  A jumping spider (Lair:3)
  2 shadows
  A centaur simulacrum (D:14)
  2 water elementals
  A small abomination (Gauntlet)
  A snapping turtle (Lair:2)
  4 wraiths
  A fire elemental (Elf:1)
  49 yaks
  A warg (Orc:1)
  2 basilisks
  8 wyverns
  2 steam dragons
  2 chaos spawn (Abyss:3)
  11 vampire mosquitoes
  3 acid dragons
  11 water moccasins
  Duvessa (D:5)
  8 orc warriors
  2 laughing skulls (D:14)
  A sky beast (D:7)
  A black bear (Lair:3)
  8 centaurs
  21 ogres
  13 wolves
  A phantom (D:6)
  3 kobold brigands
  4 elf zombies (Elf:1)
  11 bullfrogs
  An earth elemental (Elf:1)
  A scorpion (D:4)
  3 wights (D:10)
  Dowan (D:5)
  4 killer bees (D:7)
  3 howler monkeys
  2 electric eels (Lair:4)
  A crimson imp (Abyss:3)
  A bombardier beetle (D:5)
  12 orc priests
  2 gnoll boudas
  5 hounds
  3 jellies
  A sleepcap (D:4)
  Jessica (D:3)
  Ijyb (D:4)
  2 iguanas
  10 hell rats
  13 orc wizards
  13 gnolls
  7 adders
  5 river rats (Lair:1)
  2 shadow imps
  6 ufetubi
  2 dart slugs
  2 ribbon worms (D:2)
  45 orcs
  9 ball pythons
  A bat (D:3)
  4 endoplasms
  5 giant cockroaches
  9 goblins
  8 hobgoblins
  4 jackals (D:3)
  18 kobolds
  5 quokkas
  4 frilled lizards
  9 rats
  A starspawn tentacle (Abyss:3)
679 creatures vanquished.

Vanquished Creatures (collateral kills)
  A hydra (D:15)
  A death knight (D:15)
  A catoblepas (Lair:5)
  3 death yaks
  2 cyclopes
  An eye of devastation (Lair:5)
  A torpor snail (Lair:4)
  7 cane toads
  3 komodo dragons
  A polar bear (Lair:5)
  A troll (Orc:2)
  3 blink frogs
  4 dream sheep (Lair:5)
  2 slime creatures (D:12)
  A spriggan (Lair:3)
  8 yaks
  A basilisk (Lair:2)
  4 water moccasins
  A centaur (Lair:3)
  4 wolves
  4 bullfrogs
  An orc priest (Orc:2)
  A goblin (D:1)
  A hobgoblin (D:2)
57 creatures vanquished.

Vanquished Creatures (others)
  A tengu warrior (D:15)
  A catoblepas zombie (Lair:5)
  A death yak zombie (Lair:4)
  A hydra zombie (Lair:4)
  2 boulder beetle zombies
  A black mamba zombie (Lair:4)
  A water elemental (Elf:3)
  2 skyshark zombies
  3 cane toad zombies (Lair:4)
  7 dream sheep zombies (Lair:5)
  A manticore zombie (Lair:5)
  A torpor snail zombie (Lair:4)
  5 komodo dragon zombies (Lair:4)
  2 wyvern zombies
  4 water moccasin zombies
  2 polar bear zombies (Lair:3)
  8 yak zombies
  6 wolf zombies (Lair:3)
  3 bullfrog zombies
  A centaur zombie (D:12)
  5 starspawn tentacles (Abyss:3)
58 creatures vanquished.

Grand Total: 794 creatures vanquished

Notes
Turn   | Place    | Note
-------+----------+-------------------------------------------
     0 | D:1      | PaiMei the Demonspawn Necromancer began the quest for the
                  | Orb.
     0 | D:1      | Reached XP level 1. HP: 13/13 MP: 3/3
   294 | D:1      | Gained mutation: You regenerate magic rapidly. [demonic
                  | ancestry]
   294 | D:1      | Reached XP level 2. HP: 13/19 MP: 0/5
   843 | D:1      | Gained mutation: You have a pair of small horns on your
                  | head. [demonic ancestry]
   843 | D:1      | Reached XP level 3. HP: 23/24 MP: 6/6
  1221 | D:2      | Identified the +10 sling "Acabecka" {drain, rF+ rC+}
  2016 | D:3      | Found Qallueph's Jewellery Emporium.
  2033 | D:3      | Reached XP level 4. HP: 31/31 MP: 7/7
  2148 | D:3      | Reached skill level 1 in Fighting
  2148 | D:3      | Reached skill level 5 in Necromancy
  2158 | D:3      | Learned a level 3 spell: Vampiric Draining
  2270 | D:3      | Noticed Jessica
  2273 | D:3      | Killed Jessica
  2274 | D:3      | Gained mutation: You are partially covered in sharp spines.
                  | [demonic ancestry]
  2274 | D:3      | Reached XP level 5. HP: 21/37 MP: 9/9
  2864 | D:4      | Gained mutation: You have a pair of horns on your head.
                  | [demonic ancestry]
  2864 | D:4      | Reached XP level 6. HP: 44/44 MP: 10/10
  2871 | D:4      | Noticed Ijyb
  2879 | D:4      | Killed Ijyb
  2985 | D:4      | Found Ruxa's Assorted Antiques.
  3197 | D:5      | Entered Level 5 of the Dungeon
  3318 | D:5      | Noticed Dowan
  3320 | D:5      | Noticed Duvessa
  3343 | D:5      | HP: 2/46 [Dowan/puff of flame (5)]
  3344 | D:5      | Killed Duvessa
  3345 | D:5      | Reached skill level 6 in Necromancy
  3345 | D:5      | Reached XP level 7. HP: 2/52 MP: 12/12
  3345 | D:5      | Killed Dowan
  3817 | D:5      | Found a staircase to the Ecumenical Temple.
  3824 | Temple   | Entered the Ecumenical Temple
  3838 | Temple   | Became a worshipper of Kikubaaqudgha
  4102 | D:5      | Learned a level 4 spell: Animate Dead
  4108 | D:5      | Learned a level 5 spell: Curse of Agony
  4540 | D:6      | Gained mutation: You have a pair of large horns on your
                  | head. [demonic ancestry]
  4540 | D:6      | Reached XP level 8. HP: 35/60 MP: 14/14
  5119 | D:7      | Reached skill level 7 in Necromancy
  5133 | D:7      | Reached skill level 5 in Spellcasting
  5171 | D:7      | Reached skill level 5 in Dodging
  5179 | D:7      | Reached * piety under Kikubaaqudgha
  5179 | D:7      | Received a gift from Kikubaaqudgha
  5230 | D:7      | Reached skill level 5 in Fighting
  5940 | D:8      | Reached XP level 9. HP: 67/68 MP: 17/17
  6026 | D:8      | Reached skill level 8 in Necromancy
  6571 | D:8      | Reached ** piety under Kikubaaqudgha
  6876 | D:9      | Found a sparkling altar of Nemelex Xobeh.
  6877 | D:9      | Found a radiant altar of Vehumet.
  6893 | D:9      | Found a stormy altar of Qazlal.
  6895 | D:9      | Found a hazy altar of Hepliaklqana.
  6907 | D:9      | Found a shimmering altar of Xom.
  7602 | D:9      | Reached skill level 9 in Necromancy
  7616 | D:9      | Found Ygeryluk's Jewellery Shoppe.
  7880 | D:9      | Noticed Maurice
  8091 | D:10     | Entered Level 10 of the Dungeon
  8211 | D:10     | Noticed a two-headed ogre
  8216 | D:10     | Gained mutation: When hurt, damage is shared between your
                  | health and your magic reserves. [demonic ancestry]
  8216 | D:10     | Reached XP level 10. HP: 77/77 MP: 20/20
  8223 | D:10     | Killed a two-headed ogre
  9330 | D:11     | Noticed a gargoyle
  9340 | D:11     | Killed a gargoyle
  9581 | D:11     | Found a transporter.
  9780 | D:11     | Found a portal to a secret trove of treasure.
  9784 | D:11     | Found a staircase to the Lair.
  9796 | D:11     | Noticed an oklob plant
  9819 | D:11     | Killed an oklob plant
  9820 | D:11     | Reached skill level 10 in Necromancy
 10207 | D:11     | Found a transporter.
 10239 | D:11     | Found a staircase to the Orcish Mines.
 10299 | D:11     | Reached *** piety under Kikubaaqudgha
 10299 | D:11     | Received a gift from Kikubaaqudgha
 10635 | D:11     | Learned a level 4 spell: Dispel Undead
 10641 | D:11     | Learned a level 5 spell: Borgnjor's Vile Clutch
 10729 | Lair:1   | Entered Level 1 of the Lair of Beasts
 10990 | Lair:1   | Noticed a black mamba
 10999 | Lair:1   | Killed a black mamba
 11000 | Lair:1   | Gained mutation: You have a somewhat thin skeletal
                  | structure. (Dex +2, Stealth+) [demonic ancestry]
 11000 | Lair:1   | Reached XP level 11. HP: 70/87 MP: 17/23
 11901 | Lair:1   | Noticed a catoblepas
 11923 | Lair:1   | Killed a catoblepas
 12839 | Lair:2   | Noticed a skyshark
 12857 | Lair:2   | Killed a skyshark
 13162 | Lair:2   | Found a staircase to the Shoals.
 13584 | Lair:1   | Reached skill level 11 in Necromancy
 14040 | Lair:2   | Identified the +0 chain mail "Wiceuw" {rElec Str-3 Dex+8}
 14325 | Lair:2   | Identified the +4 quarterstaff "Tygeemer" {elec, ^Contam
                  | rN+ Str+4}
 14710 | Lair:3   | Reached **** piety under Kikubaaqudgha
 14811 | Lair:3   | Noticed a skyshark
 14829 | Lair:3   | Killed a skyshark
 14833 | Lair:3   | Reached XP level 12. HP: 25/97 MP: 3/25
 14928 | Lair:3   | Found a frozen archway.
 14931 | Lair:3   | Noticed an ice dragon
 15300 | Lair:3   | Killed an ice dragon
 15724 | Lair:3   | Reached skill level 10 in Fighting
 15740 | Lair:3   | Reached skill level 12 in Necromancy
 16277 | Lair:3   | You fall into a shaft and drop 2 floors!
 16277 | Lair:5   | Entered Level 5 of the Lair of Beasts
 16289 | Lair:5   | Noticed a death yak
 16315 | Lair:4   | Noticed a death yak
 16316 | Lair:4   | Noticed a death yak
 16318 | Lair:4   | Noticed a death yak
 16318 | Lair:4   | Noticed a death yak
 16319 | Lair:4   | Noticed a death yak
 16319 | Lair:4   | Noticed a five-headed hydra
 16320 | Lair:4   | Noticed a death yak
 16330 | Lair:4   | Killed a five-headed hydra
 16336 | Lair:4   | Killed a death yak
 16337 | Lair:4   | Reached skill level 10 in Spellcasting
 16350 | Lair:4   | Reached skill level 10 in Dodging
 16615 | Lair:4   | Found a gate leading to a gauntlet.
 16632 | Gauntlet | Entered a Gauntlet
 16632 | Gauntlet | Found a transporter.
 16632 | Gauntlet | Found a transporter.
 16746 | Gauntlet | Found a transporter.
 16746 | Gauntlet | Found a transporter.
 16754 | Gauntlet | Found a transporter.
 16767 | Gauntlet | Noticed a reaper
 16772 | Gauntlet | Found a transporter.
 16785 | Gauntlet | Found a transporter.
 16795 | Gauntlet | Found a transporter.
 16795 | Gauntlet | Found a transporter.
 16810 | Gauntlet | Noticed a dire elephant
 16819 | Gauntlet | Found a transporter.
 16826 | Gauntlet | Found a transporter.
 16838 | Gauntlet | Found a transporter.
 16885 | Gauntlet | Found a transporter.
 16903 | Gauntlet | Found a transporter.
 17004 | Gauntlet | Found a transporter.
 17020 | Gauntlet | Found a transporter.
 17119 | Gauntlet | Identified the ring "Finuown" {rF+ Will+ rCorr Str-2
                  | Stlth+}
 17196 | Gauntlet | Identified the ring of Noeroquz {AC+4 Str+4}
 17368 | Gauntlet | Identified the +10 spear "Plojy" {drain, rF+ Str+3}
 17399 | Gauntlet | Identified the +4 leather armour "Dilerueru" {*Slow +Inv
                  | rPois Str+8 Int-2}
 17399 | Gauntlet | Noticed a minotaur
 18303 | Lair:4   | Killed a death yak
 18568 | Lair:3   | Killed a death yak
 18569 | Lair:3   | Reached XP level 13. HP: 79/106 MP: 7/27
 18702 | Lair:4   | Reached skill level 13 in Necromancy
 18962 | Lair:3   | Reached skill level 1 in Armour
 18962 | Lair:3   | Reached skill level 1 in Shields
 19069 | Lair:4   | Reached ***** piety under Kikubaaqudgha
 19930 | Lair:4   | Identified the amulet "Vaet" {Faith -Cast Regen+ Dex+3}
 21044 | Lair:5   | Reached skill level 14 in Necromancy
 22039 | Lair:5   | Reached XP level 14. HP: 113/113 MP: 29/29
 22068 | Lair:5   | Reached skill level 5 in Armour
 22069 | Lair:5   | Reached skill level 5 in Shields
 22721 | Lair:5   | Identified the staff of Pain and Death {^Contam Int+3 Conj}
 23281 | Lair:5   | Found a staircase to the Slime Pits.
 23372 | Lair:5   | Found a viscous altar of Jiyva.
 24287 | Lair:3   | Found a hole to the Spider Nest.
 24687 | D:11     | Learned a level 4 spell: Martyr's Knell
 24692 | D:11     | Learned a level 4 spell: Anguish
 24695 | D:11     | Learned a level 2 spell: Sublimation of Blood
 24752 | D:12     | Reached skill level 15 in Necromancy
 24868 | D:12     | Reached ****** piety under Kikubaaqudgha
 24961 | D:12     | Identified the +1 leather armour of Fanaticism {Regen+}
 26910 | D:13     | Noticed Erolcha
 26964 | D:13     | Reached skill level 1 in Earth Magic
 27752 | D:14     | Gained mutation: You have a moderately thin skeletal
                  | structure. (Dex +4, Stealth++) [demonic ancestry]
 27752 | D:14     | Reached XP level 15. HP: 117/118 MP: 31/31
 29403 | D:15     | Entered Level 15 of the Dungeon
 31630 | D:15     | Found a staircase to the Depths.
 31813 | Orc:1    | Entered Level 1 of the Orcish Mines
 32004 | Orc:1    | Reached skill level 16 in Necromancy
 32118 | Orc:1    | You fall into a shaft and drop 1 floor!
 32118 | Orc:2    | Entered Level 2 of the Orcish Mines
 33043 | Orc:2    | Found a staircase to the Elven Halls.
 33554 | Orc:2    | Found Timum's Antique Armour Shoppe.
 33554 | Orc:2    | Found Suerphagi's General Store.
 33555 | Orc:2    | Found Woevoad's Antique Weapon Emporium.
 33681 | Orc:2    | Bought a steaming scale mail for 216 gold pieces
 33681 | Orc:2    | Identified the +4 scale mail "Hiamn" {Dex+4 Stlth+} (You
                  | bought it in a shop on level 2 of the Orcish Mines)
 33689 | Orc:2    | Found Rynlil's Magic Scroll Emporium.
 33692 | Orc:2    | Bought a potion of heal wounds for 50 gold pieces
 33692 | Orc:2    | Bought a potion of might for 40 gold pieces
 33692 | Orc:2    | Bought 3 scrolls of identify for 60 gold pieces
 33705 | Orc:2    | Reached skill level 5 in Evocations
 33705 | Orc:2    | Gained mutation: You are mostly covered in sharp spines.
                  | [demonic ancestry]
 33705 | Orc:2    | Reached XP level 16. HP: 125/125 MP: 30/33
 33749 | Orc:2    | Bought a scroll of blinking for 97 gold pieces
 33749 | Orc:2    | Bought a scroll of fear for 52 gold pieces
 33749 | Orc:2    | Bought a scroll of blinking for 97 gold pieces
 33749 | Orc:2    | Bought a scroll of identify for 26 gold pieces
 33787 | Orc:2    | Reached skill level 5 in Earth Magic
 34226 | Elf:1    | Entered Level 1 of the Elven Halls
 34850 | Elf:1    | Got the Enchiridion on Places and the Familiar
 34995 | Elf:1    | Paralysed by an air elemental for 1 turns
 35036 | Elf:1    | Found Antyruh's Antique Armour Boutique.
 35079 | Elf:1    | Identified a scroll of acquirement
 35743 | Elf:1    | Gained mutation: You are robust. (+10% HP) [demonic
                  | ancestry]
 35743 | Elf:1    | Reached XP level 17. HP: 75/136 MP: 5/34
 36077 | Elf:1    | Got Koabbeer's Omnibus of the Charnel House
 36839 | Elf:2    | Paralysed by an air elemental for 1 turns
 37484 | Elf:2    | Found a runed translucent gate.
 37485 | Elf:2    | Found a runed translucent gate.
 37485 | Elf:2    | Found a runed translucent gate.
 38344 | Elf:3    | Entered Level 3 of the Elven Halls
 38441 | Elf:3    | Reached skill level 17 in Necromancy
 39409 | Elf:3    | Noticed a Tzitzimitl
 39418 | Elf:3    | Paralysed by an air elemental for 1 turns
 39433 | Elf:3    | Reached skill level 10 in Shields
 39438 | Elf:3    | Noticed a deep elf master archer
 40246 | Elf:3    | Noticed a Tzitzimitl
 41134 | Elf:3    | Noticed a deep elf master archer
 41153 | Elf:3    | Killed a deep elf master archer
 41282 | Elf:3    | Noticed a deep elf blademaster
 41792 | Elf:3    | Paralysed by an air elemental for 1 turns
 41796 | Elf:3    | Paralysed by an air elemental for 1 turns
 42005 | Elf:3    | Killed a deep elf blademaster
 42133 | Elf:3    | Identified the ring of Finality {rCorr Str+6}
 42315 | Elf:3    | Identified the ring "Ylamesh" {Fire Dex+3}
 42327 | Abyss:3  | Found a corrupted altar of Lugonu.
 42327 | Abyss:3  | Cast into level 3 of the Abyss (a deep elf sorcerer)
 42367 | Abyss:3  | Found a snail-covered altar of Cheibriados.
 42401 | Abyss:3  | Found a corrupted altar of Lugonu.
 42403 | Elf:3    | Escaped the Abyss
 42517 | Elf:3    | Noticed a deep elf blademaster
 42526 | Elf:3    | Noticed a deep elf blademaster
 42528 | Elf:3    | Killed a deep elf blademaster
 42668 | Elf:2    | Killed a deep elf blademaster
 43031 | Abyss:3  | Cast into level 3 of the Abyss (a deep elf sorcerer)
 43086 | Abyss:3  | Noticed a bone dragon
 43506 | Abyss:3  | Noticed a hellephant
 43514 | Abyss:3  | Found a corrupted altar of Lugonu.
 43516 | Abyss:3  | Received a gift from Kikubaaqudgha (forbidden knowledge)
 43541 | Abyss:3  | HP: 7/144 [reaper/+3 scythe of protection (24)]
 43559 | Abyss:3  | HP: 6/144 [+0 long sword of holy wrath (10)]
 43559 | Abyss:3  | HP: 2/144 [+0 long sword of holy wrath (4)]
 43565 | Abyss:3  | Found a corrupted altar of Lugonu.
 43572 | Abyss:3  | Fell from the grace of Kikubaaqudgha
 43572 | Abyss:3  | Became a worshipper of Lugonu the Unformed
 43572 | Abyss:3  | Reached * piety under Lugonu
 43572 | Abyss:3  | Reached ** piety under Lugonu
 43573 | Elf:3    | Escaped the Abyss
 43580 | Elf:3    | Mangled by a deep elf sorcerer simulacrum

Illustrated notes

Levels and vault maps discovered:
D:1:      matt_arrival_spirals, layout_loops_corners
D:2:      layout_basic, minmay_misc_feat_five, kennysheep_generic_room_7
D:3:      layout_loops_ring, serial_shops, nicolae_shop_gaudy_bauble,
          minmay_hedge_maze, uniq_jessica
D:4:      layout_basic, serial_shops, kennysheep_mini, minmay_misc_feat_room,
          minmay_fractal_squares_5, uniq_ijyb
D:5:      layout_basic, temple_green, uniq_duvessa
D:6:      layout_loops_corners
D:7:      layout_basic
D:8:      layout_loops_corners
D:9:      layout_irregular_city, grunt_temple_overflow_open, serial_shops,
          nicolae_diamond_shop, uniq_maurice
D:10:     layout_basic
D:11:     gammafunk_worm_tunnel, layout_layer_cave, dpeg_oklobed_lair,
          minmay_orc_entry_temple_small, nicolae_trove_entry_free_sample,
          kb_lookout_dungeons_type
D:12:     nicolae_cairo_tiling, layout_basic
D:13:     layout_basic, hellmonk_vaults_keyhole, uniq_erolcha, uniq_frances
D:14:     layout_small_grid, infiniplex_staircase_star,
          minmay_increasing_density
D:15:     gammafunk_enter_depths_forms, layout_rooms, serial_bayou_pond_e,
          lemuel_nasty_fountain
Temple:   lightli_temple_of_artemis
Lair:1:   layout_layer_cave, kennysheep_abandoned_house
Lair:2:   layout_big_grid, minmay_shoals_entry_hut
Lair:3:   layout_misc_corridors, spider_nest_entry_funnel_web,
          portal_ice_cave_entry_animals_and_master, st_stairs_5,
          forest_entry_grove
Lair:4:   nzn_winding_woodlands_huge [nzn_winding_woodlands_5x15_pathside_ponds,
          nzn_winding_woodlands_5x15_longhouse,
          nzn_winding_woodlands_5x15_sawtooth,
          nzn_winding_woodlands_5x15_concentric,
          nzn_winding_woodlands_5x15_zeroes,
          nzn_winding_woodlands_5x15_sidewinder,
          nzn_winding_woodlands_5x15_river_crossing,
          nzn_winding_woodlands_5x15_lazy_stream,
          nzn_winding_woodlands_5x15_pockets, nzn_winding_woodlands_5x15_eye,
          nzn_winding_woodlands_center_lodge,
          nzn_winding_woodlands_center_garden,
          nzn_winding_woodlands_15x15_eel_pit], layout_misc_corridors,
          gauntlet_entry_generic
Lair:5:   evilmike_catoblepas_cave, layout_gridlike, minmay_slime_entry_eyes
Orc:1:    layout_diamond_mine, basic_altar
Orc:2:    st_orc_open, layout_caves
Elf:1:    elf_arrival_001, layout_onion_city, serial_shops,
          nicolae_shop_real_fake_doors, minmay_elf_necromancy, drop_trap
Elf:2:    nicolae_elf_blades_crystal_corner, layout_geoelf_octagon
Elf:3:    nooodl_elf_gasket, layout_gridlike, minmay_misc_feat_diagonals

Skill      XL: |  1  2  3  4  5  6  7  8  9 10 11 12 13 14 15 16 17 |
---------------+----------------------------------------------------+-----
Stealth        | 2 |  2.3
Dodging        | 2 3 4 5 6 8 9 10 | 10.5
Fighting       | 1 2 3 4 5 6 8 9 11 | 11.1
Necromancy     | 5 6 7 9 10 11 12 14 15 16 17 | 17.6
Spellcasting   | 3 4 5 6 8 9 10 11 12 13 14 | 14.7
Armour         | 4 7 |  7.0
Shields        | 4 7 8 9 10 | 10.7
Earth Magic    | 1 4 5 8 |  8.0
Evocations     | 5 |  5.0

Action                     |  1- 3 |  4- 6 |  7- 9 | 10-12 | 13-15 | 16-18 || total
---------------------------+-------+-------+-------+-------+-------+-------++-------
  Melee: Club              |     8 |       |       |       |       |       ||     8
         Spear             |       |       |       |     9 |   653 |   342 ||  1004
         Headbutt          |       |       |       |     2 |   241 |   127 ||   370
   Fire: Sling             |    22 |    90 |   226 |   476 |       |       ||   814
   Cast: Necrotise         |    41 |       |     7 |    21 |    44 |       ||   113
         Vampiric Draining |       |     3 |    35 |    98 |    79 |       ||   215
         Curse of Agony    |       |       |     1 |    27 |   107 |    10 ||   145
         Animate Dead      |       |       |       |    12 |    15 |       ||    27
         Dispel Undead     |       |       |       |       |    31 |     2 ||    33
         Borgnjor's Vile C |       |       |       |       |    64 |   126 ||   190
 Invoke: Receive Forbidden |       |       |       |       |       |     1 ||     1
         Depart the Abyss  |       |       |       |       |       |     1 ||     1
  Evoke: Wand              |       |       |       |     1 |       |       ||     1
    Use: Scroll            |       |       |       |    11 |    11 |    14 ||    36
         Potion            |       |       |       |     1 |     3 |     3 ||     7
   Stab: Distracted        |       |       |       |       |     2 |     2 ||     4
         Petrified         |       |       |       |       |     7 |       ||     7
         Sleeping          |       |       |       |       |     4 |     1 ||     5
 Armour: Robe              |    12 |    17 |    72 |    35 |       |       ||   136
         Troll leather arm |       |       |       |   417 |   715 |   315 ||  1447
  Dodge: Dodged            |    16 |    10 |    87 |   443 |   816 |   265 ||  1637
  Block: Buckler           |       |     8 |    30 |   110 |   316 |   148 ||   612
